 Dungeon Crawl Stone Soup version 0.29.1-15-g9cfb28693d (webtiles) character file.

Game seed: 3721844622687494437

204 Wiggles the Chopper (level 5, -3/45 HPs)
             Began as a Minotaur Berserker on Mar 31, 2023.
             Was a Believer of Trog.
             Shot with an arrow by a centaur (12 damage)
             ... on level 4 of the Dungeon.
             The game lasted 00:04:27 (2915 turns).

Wiggles the Chopper (Minotaur Berserker)            Turns: 2915, Time: 00:04:27

Health: -3/45      AC:  5    Str: 23    XL:     5   Next: 52%
Magic:  4/4        EV: 11    Int:  4    God:    Trog [**....]
Gold:   195        SH:  0    Dex: 16    Spells: 4/4 levels left

rFire   . . .      SeeInvis .   h - +2 war axe (freeze)
rCold   . . .      Faith    .   (no shield)
rNeg    . . .      Spirit   .   f - +0 ring mail
rPois   .          Reflect  .   (helmet restricted)
rElec   .          Harm     .   (no cloak)
rCorr   +          Rampage  .   (no gloves)
Will    .....                   (no boots)
Stlth   +.........              (no amulet)
HPRegen 0.15/turn               o - +6 ring of dexterity
MPRegen 0.09/turn               g - ring of resist corrosion

@: no status effects
A: horns 2, retaliatory headbutt
a: Renounce Religion, Berserk, Trog's Hand


You were on level 4 of the Dungeon.
You worshipped Trog.
Trog was pleased with you.
You visited 1 branch of the dungeon, and saw 4 of its levels.

You collected 195 gold pieces.

Inventory:

Hand Weapons
 h - a +2 war axe of freezing (weapon)
Missiles
 k - 6 poisoned darts (quivered)
Armour
 f - a +0 ring mail (worn)
Jewellery
 g - a ring of resist corrosion (right hand)
 o - a +6 ring of dexterity (left hand)
Scrolls
 b - 5 scrolls of identify {unknown}
 i - 2 scrolls of teleportation {unknown}
 l - a scroll of immolation {unknown}
 m - a scroll of summoning {unknown}
 n - a scroll of vulnerability {unknown}
Potions
 a - a potion of attraction {unknown}
 c - 3 potions of might {unknown}
 d - a potion of ambrosia {unknown}
 e - 2 potions of curing {unknown}
 j - a potion of flight {unknown}
 p - 2 potions of lignification {unknown}
 q - a potion of mutation {unknown}


   Skills:
 - Level 3.6 Fighting
 + Level 7.2 Axes
 - Level 2.4 Armour
 - Level 2.1 Dodging
 + Level 1.4 Stealth


You had 4 spell levels left.
You didn't know any spells.
Your spell library was empty.

Dungeon Overview and Level Annotations

Branches:
Dungeon (4/15)
 Temple: D:4-7

Altars:
Wu Jian
Xom

Shops:
D:2 (


Innate Abilities, Weirdness & Mutations

You have a pair of horns on your head.
You reflexively headbutt those who attack you in melee.


Message History

q - a fuming yellow potion You see here a +0 leather armour of cold resistance.
A goblin comes into view. It is wielding a +0 dagger.
The goblin shouts!
An adder comes into view.
The adder hisses angrily.
The goblin closely misses you. You furiously retaliate!
You headbutt the goblin. You closely miss the goblin.
Your headbutt misses the goblin.
The goblin is severely wounded.
The goblin hits you with a +0 dagger.
You slash the goblin! You freeze the goblin.
You kill the goblin!
Trog accepts your kill. The adder bites you.
You are poisoned.
The adder poisons you!
You see here a +0 dagger.
You barely miss the adder. Your headbutt misses the adder.
You feel sick. The adder bites you. The adder bites you but does no damage.
You completely miss the adder. Your headbutt misses the adder.
You feel sick. The adder misses you. You furiously retaliate!
You headbutt the adder. You slash the adder! You freeze the adder.
You kill the adder!
Trog accepts your kill.
You feel sick.
No target in view!
You feel sick.
You are no longer poisoned.
A centaur comes into view.
The centaur shouts!
The centaur wields a +0 shortbow.
The centaur shoots an arrow.
The arrow hits you!
The centaur shoots an arrow.
The arrow hits you!
You see here an adder corpse.
The centaur shoots an arrow.
The arrow hits you!
* * * LOW HITPOINT WARNING * * *
You see here a +0 dagger.
The centaur shoots an arrow.
The arrow barely misses you.
The centaur shoots an arrow.
The arrow hits you!
You die...

.# .# .# ##.
#..
##.###########.
#..@..)†..c....
#..######......
#..# .####
#.##..###### #
#.##.......##.
#####
#.##[#####.##.#
##.(.. #.##.#
#.##.. ....#
#.##.# #.##.#
#.#.# #.##.#
#.##.# #.#.#


You could see a centaur.

Vanquished Creatures
  An iguana (D:3)
  3 orc wizards (D:3)
  3 adders
  4 worms (D:2)
  4 orcs
  5 bats
  4 endoplasms
  2 giant cockroaches
  8 goblins
  6 hobgoblins
  2 quokkas
  5 ball pythons
  3 frilled lizards
  3 kobolds
  7 rats
60 creatures vanquished.

Notes
Turn   | Place    | Note
-------+----------+-------------------------------------------
     0 | D:1      | Wiggles the Minotaur Berserker began the quest for the Orb.
     0 | D:1      | Reached XP level 1. HP: 19/19 MP: 0/0
   454 | D:1      | Reached skill level 4 in Axes
   510 | D:1      | Reached XP level 2. HP: 20/26 MP: 1/1
  1158 | D:1      | Found a faded altar of an unknown god.
  1232 | D:2      | Found Daklol's Weapon Boutique.
  1506 | D:2      | Reached XP level 3. HP: 31/31 MP: 2/2
  1542 | D:2      | Reached skill level 5 in Axes
  2086 | D:3      | Reached skill level 1 in Stealth
  2086 | D:3      | Reached XP level 4. HP: 39/39 MP: 3/3
  2088 | D:3      | Reached skill level 6 in Axes
  2089 | D:3      | Reached ** piety under Trog
  2226 | D:3      | Reached XP level 5. HP: 45/45 MP: 4/4
  2341 | D:3      | Found a shimmering altar of Xom.
  2351 | D:3      | Found an ornate altar of the Wu Jian Council.
  2359 | D:3      | Reached skill level 7 in Axes
  2910 | D:4      | Noticed a centaur
  2915 | D:4      | Shot with an arrow by a centaur

Illustrated notes

Levels and vault maps discovered:
D:1:      minmay_arrival_jagged, layout_loops_ring,
          hellmonk_ecumenical_altar_leap_of_faith
D:2:      layout_loops_ring, serial_shops, nicolae_shop_trees,
          minmay_misc_feat_more_columns, nicolae_concentric_dashed_squares_wild,
          minmay_tetromino_s2
D:3:      layout_loops_ring, amethyst_overflow_temple_binary
D:4:      layout_loops_ring

Skill      XL: |  1  2  3  4  5 |
---------------+----------------+-----
Axes           | 4 5 6 7 |  7.2
Stealth        | 1 |  1.4
Fighting       | |  3.6
Armour         | |  2.4
Dodging        | |  2.1

Action                   |  1- 3 |  4- 6 || total
-------------------------+-------+-------++-------
Melee: Hand axe          |    44 |       ||    44
       Headbutt          |    12 |     6 ||    18
       War axe           |    33 |    38 ||    71
 Stab: Sleeping          |     1 |     1 ||     2
Armor: Animal skin       |    10 |       ||    10
       Ring mail         |    16 |     8 ||    24
Dodge: Dodged            |    42 |    17 ||    59
